 Dungeon Crawl Stone Soup version 0.28-a0-265-g048bc9fd10 (console) character file.

Game seed: 2328680222958378464

187422 jejorda2 the Impaler (level 18, -8/142 HPs)
             Began as a Merfolk Berserker on Aug 27, 2021.
             Was the Champion of Trog.
             Asphyxiated
             ... on level 4 of the Snake Pit.
             The game lasted 01:26:51 (34279 turns).

jejorda2 the Impaler (Merfolk Berserker)           Turns: 34279, Time: 01:26:51

Health: -8/142     AC: 40    Str: 26    XL:     18   Next: 51%
Magic:  18/18      EV: 27    Int:  8    God:    Trog [******]
Gold:   2033       SH:  0    Dex: 17    Spells: 17/17 levels left

rFire   + + +      SeeInvis .   a - +7 pair of quick blades {protect}
rCold   . . .      Faith    .   (shield currently unavailable)
rNeg    . . .      Spirit   .   U - +1 gold dragon scales
rPois   +          Reflect  .   N - +2 helmet
rElec   +          Harm     .   B - +2 cloak {Will+}
rCorr   +          Rampage  .   k - +2 pair of gloves
Will    +++..                   E - +1 pair of boots of Impermeability {rCorr Dex+3}
Stlth   ..........              s - amulet "Hov Rid" {Acrobat rF+ Will+}
HPRegen 0.33/turn               H - +6 ring of strength
MPRegen 0.16/turn               Z - ring of Noitz {Fire rElec Str-3 Slay+3}

@: under a protective aura, acrobatic
A: (nimble swimmer 2), mertail
a: Renounce Religion, Berserk, Trog's Hand, Brothers in Arms


You were on level 4 of the Snake Pit.
You worshipped Trog.
Trog was exalted by your worship.
You visited 4 branches of the dungeon, and saw 25 of its levels.
You also visited: Trove.

You collected 4898 gold pieces.
You spent 2865 gold pieces at shops.

Inventory:

Hand Weapons
 a - the +7 pair of quick blades "Gyre" and "Gimble" (weapon) {protect}
   (You found it on level 10 of the Dungeon)

   It grants its wielder temporary protection when it strikes (+7 to AC).
 p - a +2 glaive of flaming
 P - a +4 demon trident of flaming
Missiles
 f - 103 poisoned darts
 g - 6 silver javelins
 i - 645 stones
 m - 2 throwing nets
 n - 16 curare-tipped darts
 v - 5 boomerangs of dispersal
 z - 24 boomerangs (quivered)
 M - 12 javelins
Armour
 k - a +2 pair of gloves (worn)
 B - a +2 cloak of willpower (worn)
 E - the +1 pair of boots of Impermeability (worn) {rCorr Dex+3}
   (You found it in a treasure trove)

   Dex:       It affects your dexterity (+3).
   rCorr:     It protects you from acid and corrosion.
 N - a +2 helmet (worn)
 U - +1 gold dragon scales (worn)
Jewellery
 b - a +6 ring of strength
 s - the amulet "Hov Rid" (around neck) {Acrobat rF+ Will+}
   (You found it on level 9 of the Dungeon)

   [amulet of the acrobat]

   It increases your evasion while moving and waiting.
   rF:        It protects you from fire.
   Will:      It increases your willpower.
 u - a ring of ice
 F - a ring of positive energy
 H - a +6 ring of strength (left hand)
 J - a ring of see invisible
 Z - the ring of Noitz (right hand) {Fire rElec Str-3 Slay+3}
   (You found it in a treasure trove)

   [ring of fire]

   It enhances your fire magic.
   Str:       It affects your strength (-3).
   Slay:      It affects your accuracy & damage with ranged weapons and melee
   (+3).
   rF:        It protects you from fire.
   rC:        It makes you vulnerable to cold.
   rElec:     It insulates you from electricity.
Wands
 e - a wand of paralysis (10)
 x - a wand of flame (35)
 C - a wand of digging (6)
 I - a wand of acid (6)
Scrolls
 d - 11 scrolls of teleportation
 w - 3 scrolls of blinking
 y - 5 scrolls of fog
 D - 3 scrolls of magic mapping
 V - a scroll of holy word
Potions
 c - a potion of lignification
 h - 5 potions of flight
 j - a potion of berserk rage
 l - a potion of haste
 o - 16 potions of curing
 q - 4 potions of heal wounds
 t - 5 potions of might
 A - a potion of resistance
 G - 3 potions of mutation
 K - 2 potions of invisibility
 L - a potion of attraction
 S - a potion of cancellation
 T - 8 potions of ambrosia
Miscellaneous
 r - a condenser vane
 R - a lightning rod (4/4)


   Skills:
 + Level 12.8 Fighting
 - Level 8.0 Short Blades
 - Level 17.8 Polearms
 + Level 13.9 Throwing
 + Level 13.1 Armour
 - Level 15.0 Dodging
 - Level 4.0 Stealth
 - Level 6.0 Evocations


You had 17 spell levels left.
You didn't know any spells.
Your spell library was empty.

Dungeon Overview and Level Annotations

Branches:
Dungeon (13/15)            Temple (0/1) D:5            Lair (6/6) D:9
 Shoals (0/4) Lair:4        Snake (4/4) Lair:4        Slime (0/5) Lair:5
    Orc (2/2) D:12            Elf (0/3) Orc:2
 Vaults: D:13-14

Altars:
Dithmenos
Elyvilon
Makhleb
Nemelex Xobeh
Okawaru
Ru
Trog
Uskayaw
Vehumet
Wu Jian
Xom
Yredelemnul
Zin
Beogh
Lugonu

Shops:
D:3 ?   D:5 *   Orc:2 (*((   Snake:3 *[

Portals:
Abyss: D:7

Annotations:
D:8 exclusion: door
D:9 3 runed translucent doors, Jamsdnucbuo's ghost, novice DsAr


Innate Abilities, Weirdness & Mutations

((You are quick and stealthy near water. (Stealth+, EV+, Speed+++)))
Your lower body shifts to a powerful aquatic tail in water.


Message History

You feel sick.
The naga warrior shouts!
The naga shouts! x2
You feel sick.
The naga warrior roars a battlecry!
The naga warrior goes into a battle-frenzy!
The naga warrior misses you.
You feel sick. The naga warrior misses you. The naga warrior grabs you.
The naga warrior constricts you.
You puncture the naga warrior! x2; You feel sick.
The naga warrior hits you with a +0 glaive!!!
The naga warrior constricts you.
You hear a shout!
You are too injured to fight recklessly!
You are too injured to fight recklessly!
You are too injured to fight recklessly!
You are too injured to fight recklessly!
You puncture the naga warrior! You hit the naga warrior.
You hit the naga warrior. x2
You hit the naga warrior. You puncture the naga warrior!
You feel sick.
You are no longer poisoned.
You puncture the naga warrior!
You hit the naga warrior but do no damage.
The naga warrior hits you but does no damage.
The naga warrior constricts you.
Your gold dragon scales prevents you from hitting the naga warrior.
You puncture the naga warrior!
The naga hits you from afar with a +0 halberd.
* * * LOW HITPOINT WARNING * * *
You hit the naga warrior. You closely miss the naga warrior.
You barely miss the naga warrior. You closely miss the naga warrior.
The naga warrior hits you with a +0 glaive!!
* * * LOW HITPOINT WARNING * * *
The naga warrior constricts you.
* * * LOW HITPOINT WARNING * * *
You hit the naga warrior. You completely miss the naga warrior.
You escape the naga warrior's grasp.
The naga warrior spits poison at you.
The splash of poison hits you but does no damage.
You have difficulty breathing.
You die...

#.# #.......# ..8 #..
+†#####.......####.###...
##.<.[..).)..).##.........
#...†..........).)........
.........).....)..........
......))..................
####......................
##.....................
###(........@..NN.....
#....$.....###N.....
##........## ......
#<....... ...... ##.......
.....# ....... ....#
......# ...# .....## .(.
..N..# ...N###


You could see a naga warrior (strong, curare, catching breath) and 2 nagas.

Vanquished Creatures
  Nikola (Snake:2)
  Kirke (Snake:2)
  Donald (Orc:2)
  Nessos (D:12)
  2 fire dragons (Lair:6)
  18 naga warriors
  Fannar (Orc:1)
  A vault guard (D:13)
  A catoblepas (D:9)
  14 hydras
  5 anacondas
  2 salamander tyrants (Snake:3)
  Erica (D:9)
  Erolcha (D:12)
  6 two-headed ogres
  2 centaur warriors (D:13)
  9 death yaks
  A tengu warrior (D:8)
  Urug (Lair:3)
  7 naga sharpshooters
  5 shock serpents
  Sonja (Lair:5)
  6 salamander mystics
  An obsidian statue (D:13)
  3 naga ritualists
  A swamp dragon (Lair:6)
  2 lindwurms (Lair:6)
  3 deep elf pyromancers
  11 mana vipers
  5 ugly things
  4 orc knights
  2 oklob plants
  3 manticores
  3 cyclopes
  2 centaur zombies
  34 black mambas
  5 guardian serpents
  14 salamanders
  10 naga magi
  6 cane toads
  A gargoyle (D:11)
  2 unseen horrors (D:13)
  5 torpor snails (Lair:6)
  3 kobold demonologists
  13 komodo dragons
  3 rime drakes
  6 meliai
  3 tyrant leeches (Lair:6)
  A queen bee (D:12)
  2 polar bears
  11 trolls
  21 blink frogs
  7 hornets
  11 dream sheep (Lair:5)
  6 slime creatures (D:13)
  Sigmund (D:2)
  A snapping turtle (Lair:4)
  A spriggan (D:10)
  2 shadows
  46 yaks
  7 basilisks
  2 wraiths (D:12)
  3 hogs (Snake:2)
  2 wyverns
  3 steam dragons
  Grum (D:8)
  11 vampire mosquitoes
  5 wargs
  3 acid dragons
  43 nagas
  Purgy (D:3)
  30 orc warriors
  19 water moccasins
  3 sky beasts
  3 swamp drakes (Lair:6)
  An ice beast (D:5)
  8 ogres
  16 wolves
  18 centaurs
  4 kobold brigands
  11 bullfrogs
  2 wyvern zombies
  2 gnoll sergeants
  2 scorpions
  A water moccasin zombie (D:6)
  2 wyvern skeletons
  30 killer bees
  7 wights
  An electric eel (Lair:5)
  5 howler monkeys
  A lava snake (D:8)
  4 hounds
  4 jellies
  A gnoll shaman (D:4)
  9 orc priests
  7 iguanas
  20 orc wizards
  2 killer bee zombies (D:8)
  A hound skeleton (D:4)
  A howler monkey zombie (D:6)
  15 gnolls
  4 adders
  A white imp (D:5)
  2 ufetubi (D:6)
  5 worms
  A dart slug (D:1)
  67 orcs
  3 bats
  6 endoplasms
  A giant cockroach (D:1)
  10 goblins
  10 hobgoblins
  6 jackals
  5 quokkas
  5 ball pythons
  4 frilled lizards
  16 kobolds
  7 rats
  2 lurking horrors (D:7)
809 creatures vanquished.

Vanquished Creatures (collateral kills)
  Rupert (D:13)
  A komodo dragon (Lair:3)
  A basilisk (Lair:3)
  3 yaks (Lair:3)
  A wolf (D:8)
  A killer bee (D:9)
  2 orcs
10 creatures vanquished.

Vanquished Creatures (others)
  An orc warrior (Orc:2)
  An orc (Orc:2)
  A quokka (D:7)
  26 fungi
  91 plants
120 creatures vanquished.

Grand Total: 939 creatures vanquished

Notes
Turn   | Place    | Note
-------+----------+-------------------------------------------
     0 | D:1      | jejorda2 the Merfolk Berserker began the quest for the Orb.
     0 | D:1      | Reached XP level 1. HP: 18/18 MP: 1/1
    14 | D:1      | Found a faded altar of an unknown god.
    84 | D:1      | Reached XP level 2. HP: 21/24 MP: 2/2
   152 | D:1      | Reached skill level 5 in Polearms
   401 | D:1      | Reached XP level 3. HP: 29/29 MP: 3/3
   841 | D:2      | Noticed Sigmund
   872 | D:2      | Killed Sigmund
   873 | D:2      | Reached skill level 6 in Polearms
   873 | D:2      | Reached XP level 4. HP: 12/37 MP: 4/4
   873 | D:2      | Reached XP level 5. HP: 14/42 MP: 5/5
   970 | D:2      | Reached ** piety under Trog
  1375 | D:2      | Reached XP level 6. HP: 49/49 MP: 6/6
  1859 | D:3      | Found Xyoxaott's Magic Scroll Boutique.
  1864 | D:3      | Noticed a sky beast
  1884 | D:3      | Killed a sky beast
  1885 | D:3      | Reached skill level 7 in Polearms
  1921 | D:3      | Bought a scroll of teleportation for 42 gold pieces
  1921 | D:3      | Bought a scroll of identify for 28 gold pieces
  1927 | D:3      | Noticed Purgy
  1951 | D:3      | Killed Purgy
  1952 | D:3      | Reached XP level 7. HP: 55/55 MP: 7/7
  2513 | D:4      | Reached *** piety under Trog
  2577 | D:4      | Reached skill level 5 in Dodging
  2637 | D:4      | Reached skill level 8 in Polearms
  2660 | D:4      | Reached skill level 5 in Fighting
  3061 | D:4      | Found a sparkling altar of Nemelex Xobeh.
  3509 | D:5      | Entered Level 5 of the Dungeon
  3549 | D:5      | Found a glowing silver altar of Zin.
  3677 | D:5      | Found a basalt altar of Yredelemnul.
  3680 | D:5      | Found a radiant altar of Vehumet.
  3987 | D:5      | Reached skill level 9 in Polearms
  4010 | D:5      | Reached XP level 8. HP: 63/63 MP: 8/8
  4114 | D:5      | Found Nenukig's Lightly-Used Armoury.
  4591 | D:5      | Found a staircase to the Ecumenical Temple.
  4619 | D:6      | Reached skill level 10 in Polearms
  4631 | D:6      | Found an iron altar of Okawaru.
  4676 | D:6      | Reached **** piety under Trog
  4679 | D:6      | Found a shimmering altar of Xom.
  4799 | D:6      | Found a shadowy altar of Dithmenos.
  4916 | D:6      | Reached skill level 11 in Polearms
  5331 | D:6      | Reached skill level 12 in Polearms
  5331 | D:6      | Reached XP level 9. HP: 68/69 MP: 9/9
  5790 | D:3      | Bought a scroll of blinking for 105 gold pieces
  5938 | D:7      | Found a sacrificial altar of Ru.
  6209 | D:7      | Found a white marble altar of Elyvilon.
  6245 | D:7      | Reached skill level 13 in Polearms
  6287 | D:7      | Found a corrupted altar of Lugonu.
  6288 | D:7      | Found a one-way gate to the infinite horrors of the Abyss.
  6949 | D:7      | Found an ornate altar of the Wu Jian Council.
  6973 | D:7      | Reached skill level 5 in Armour
  7209 | D:8      | Reached skill level 14 in Polearms
  7213 | D:8      | Reached XP level 10. HP: 76/76 MP: 10/10
  7274 | D:8      | Noticed Grum
  7296 | D:8      | Killed Grum
  7664 | D:8      | Noticed a +0 falchion
  7664 | D:8      | Noticed a +0 spear
  7665 | D:8      | Noticed a +0 dagger
  7666 | D:8      | Noticed a +0 dagger
  7666 | D:8      | Noticed a +0 falchion
  7666 | D:8      | Noticed a +0 spear
  7668 | D:8      | Noticed a +0 short sword
  7669 | D:8      | Noticed a +0 short sword
  7671 | D:8      | Found a hide-covered altar of Uskayaw.
  7875 | D:8      | Found a burning altar of Makhleb.
  8020 | D:8      | Reached skill level 15 in Polearms
  8189 | D:9      | Noticed a tengu warrior
  8209 | D:8      | Killed a tengu warrior
  8411 | D:9      | Noticed a catoblepas
  8427 | D:9      | Killed a catoblepas
  8436 | D:9      | Identified the amulet "Hov Rid" {Acrobat rF+ Will+}
  8501 | D:9      | Reached skill level 16 in Polearms
  8771 | D:9      | Reached ***** piety under Trog
  8840 | D:9      | Found a runed translucent gate.
  8840 | D:9      | Found a runed translucent gate.
  8841 | D:9      | Found a runed translucent gate.
  8841 | D:9      | Noticed Jamsdnucbuo's ghost (novice DsAr)
  8859 | D:9      | Found a staircase to the Lair.
  9196 | D:9      | Reached XP level 11. HP: 81/81 MP: 11/11
  9557 | D:9      | Identified the ring "Mucwoowiale" {Wiz *Slow Dex+3 Stlth+}
  9706 | D:9      | Noticed Erica
  9724 | D:9      | Killed Erica
  9725 | D:9      | Reached skill level 17 in Polearms
  9810 | D:9      | Reached skill level 5 in Evocations
 10069 | D:10     | Entered Level 10 of the Dungeon
 10106 | D:10     | Noticed a two-headed ogre
 10106 | D:10     | Noticed a two-headed ogre
 10117 | D:10     | Killed a two-headed ogre
 10125 | D:10     | Killed a two-headed ogre
 10167 | D:10     | Found the +7 pair of quick blades "Gyre" and "Gimble"
                  | {protect}
 10312 | D:10     | Reached skill level 1 in Short Blades
 10423 | D:10     | Noticed a two-headed ogre
 10429 | D:10     | Killed a two-headed ogre
 10671 | D:10     | Identified the +1 ring mail of Makhleb's Inspiration
                  | {Rampage rF+ rN+ Int-3}
 10750 | D:10     | Reached skill level 5 in Short Blades
 10827 | D:10     | Found a bloodstained altar of Trog.
 11292 | D:11     | Noticed a two-headed ogre
 11302 | D:11     | Killed a two-headed ogre
 11583 | D:11     | Noticed a manticore
 11592 | D:11     | Killed a manticore
 11593 | D:11     | Reached XP level 12. HP: 78/88 MP: 12/12
 11620 | D:11     | Noticed a soul eater
 11853 | D:11     | Noticed a four-headed hydra
 11862 | D:11     | Killed a four-headed hydra
 11918 | D:11     | Noticed a six-headed hydra
 11931 | D:11     | Killed a six-headed hydra
 12518 | Lair:1   | Entered Level 1 of the Lair of Beasts
 12603 | Lair:1   | Reached skill level 1 in Throwing
 13805 | Lair:2   | Reached ****** piety under Trog
 13806 | Lair:2   | Reached XP level 13. HP: 99/99 MP: 13/13
 14047 | Lair:2   | Reached skill level 5 in Throwing
 14634 | Lair:3   | Received a gift from Trog
 14964 | Lair:3   | Noticed Urug
 14973 | Lair:3   | Killed Urug
 15763 | Lair:4   | Reached skill level 10 in Fighting
 15909 | Lair:4   | Found a staircase to the Snake Pit.
 16163 | Lair:4   | Found a staircase to the Shoals.
 16329 | Lair:4   | Received a gift from Trog
 16330 | Lair:4   | Reached XP level 14. HP: 110/110 MP: 14/14
 16700 | Lair:4   | Found a glowing silver altar of Zin.
 16734 | Lair:5   | Found a staircase to the Slime Pits.
 16944 | Lair:5   | Noticed Sonja
 16976 | Lair:5   | Killed Sonja
 16977 | Lair:5   | Reached skill level 10 in Throwing
 17936 | Lair:6   | Entered Level 6 of the Lair of Beasts
 18067 | Lair:6   | Reached skill level 10 in Armour
 19738 | Lair:6   | Identified a scroll of acquirement
 19738 | Lair:6   | Acquired 1041 gold pieces
 19840 | Lair:6   | Found a runed translucent door.
 20143 | D:5      | Bought -1 gold dragon scales for 900 gold pieces
 20568 | Lair:6   | Received a gift from Trog
 20879 | Lair:6   | Reached XP level 15. HP: 115/115 MP: 15/15
 21570 | D:12     | Found a staircase to the Orcish Mines.
 21772 | D:12     | You fall into a shaft and drop 1 floor!
 22113 | D:13     | Reached skill level 1 in Stealth
 22953 | D:13     | Noticed Rupert
 22958 | D:13     | Paralysed by Rupert for 5 turns
 22963 | D:13     | Killed Rupert
 23255 | D:13     | Found a portal to a secret trove of treasure.
 23558 | D:12     | Noticed Nessos
 23601 | D:12     | Killed Nessos
 23970 | D:12     | Received a gift from Trog
 24072 | D:12     | Noticed Erolcha
 24078 | D:12     | Killed Erolcha
 24079 | D:12     | Reached skill level 10 in Dodging
 24394 | D:5      | Bought -2 pearl dragon scales for 1080 gold pieces
 24576 | D:13     | You paid a toll of -2 pearl dragon scales to enter a
                  | treasure trove
 24577 | Trove    | Entered a treasure trove
 24602 | Trove    | Identified the +0 plate armour of the Locust {+Blink Str+4
                  | Slay-4}
 24611 | Trove    | Identified the +1 pair of boots of Impermeability {rCorr
                  | Dex+3}
 24646 | Trove    | Identified the ring of Noitz {Fire rElec Str-3 Slay+3}
 24742 | Orc:1    | Entered Level 1 of the Orcish Mines
 24742 | Orc:1    | Noticed Fannar
 24757 | Orc:1    | Killed Fannar
 25064 | Orc:2    | Entered Level 2 of the Orcish Mines
 25081 | Orc:2    | Noticed Donald
 25102 | Orc:2    | Killed Donald
 26031 | Orc:2    | Found a staircase to the Elven Halls.
 26090 | Orc:2    | Received a gift from Trog
 26191 | Orc:2    | Reached XP level 16. HP: 83/123 MP: 16/16
 26432 | Orc:2    | Found Paiq's Assorted Antiques.
 26432 | Orc:2    | Found Vamn's Antique Weapon Emporium.
 26432 | Orc:2    | Found Xuitz's Weapon Shoppe.
 26435 | Orc:2    | Found Enink's Antique Weapon Shop.
 26679 | Orc:2    | Bought a transparent bronze ring for 190 gold pieces
 26679 | Orc:2    | Identified the ring of Urojuipu {Ice *Corrode Dex+3 Stlth+}
                  | (You bought it in a shop on level 2 of the Orcish Mines)
 27220 | Snake:1  | Entered Level 1 of the Snake Pit
 28681 | Snake:2  | Noticed Kirke
 28713 | Snake:2  | Killed Kirke
 28979 | Snake:2  | Noticed Nikola
 28988 | Snake:2  | Killed Nikola
 29432 | Snake:2  | Acquired 1172 gold pieces
 29510 | Snake:2  | Received a gift from Trog
 31285 | Snake:3  | Found Pebess's Armour Emporium.
 31527 | Snake:3  | Reached XP level 17. HP: 123/133 MP: 17/17
 32276 | Snake:3  | Reached XP level 18. HP: 140/140 MP: 18/18
 32427 | Snake:3  | Found Gucyn's Gadget Gallery.
 32435 | Snake:3  | Bought a condenser vane for 520 gold pieces
 33262 | Snake:4  | Entered Level 4 of the Snake Pit
 34034 | Snake:4  | Reached skill level 15 in Dodging
 34208 | Snake:4  | Identified the +8 great sword of Pantheism {vorpal, Dex+2}
                  | (Trog gifted it to you on level 4 of the Snake Pit)
 34208 | Snake:4  | Received a gift from Trog
 34276 | Snake:4  | HP: 6/142 [naga warrior (33)]
 34276 | Snake:4  | HP: 2/142 [constriction (4)]
 34279 | Snake:4  | Asphyxiated

Illustrated notes

Levels and vault maps discovered:
D:1:      lightli_arrival_statue_moat, layout_rooms, basic_ecumenical_altar
D:2:      layout_rooms, bh_walls_and_bars, uniq_sigmund
D:3:      layout_basic, serial_shops, shop, uniq_purgy
D:4:      layout_loops_cross, kennysheep_mini_moat, serial_bayou,
          serial_bayou_crossing, serial_bayou_pond_c, serial_bayou_shore_a,
          serial_bayou_ford_a
D:5:      layout_loops_corners, mainiacjoe_overflow_catwalk, lemuel_tele_altar,
          vehumet_crystals, minmay_temple_entry_enclosed_plants,
          minmay_shop_damaged, serial_bayou_lake_a
D:6:      mumra_celtic_spiral_tile, layout_basic, overflow_temple_1_default,
          nicolae_dithmenos_shadow_blocks, tgw_xom
D:7:      layout_loops_corners, hangedman_ru_absence, elyvilon_altar_4,
          nicolae_wu_jian_immortal_techniques, amcnicky_altar_lugonu_corruption
D:8:      layout_basic, nicolae_overflow_crystal_walls,
          nicolae_uskayaw_en_pointe, kennysheep_generic_room_9, uniq_grum
D:9:      layout_grid_maze, david_lair_shrubbed, ebering_ghost_rock_garden,
          small_chamber_with_monster, uniq_erica
D:10:     layout_gridville, lemuel_round_altar, minmay_strange_pillars,
          hellmonk_guarded_unrand_gyre_and_gimble
D:11:     cheibrodos_barr_body, layout_rooms, minmay_misc_feat_pillars
D:12:     layout_roguey [special_room_bee], minmay_orc_entry_guard_dogs,
          uniq_erolcha, uniq_nessos
D:13:     layout_cross, enter_trove_5, minivault_16, kb_rosetta, uniq_rupert
Lair:1:   layout_regular_city, minmay_lair_oklob_chamber
Lair:2:   layout_long_grid, beast_lair_carwin_8
Lair:3:   layout_loops_ring, grunt_megastairs_4, infiniplex_staircase_pool_2,
          uniq_urug
Lair:4:   layout_misc_corridors, minmay_shoals_entry_hut,
          minmay_snake_entry_guardpost_small, lemuel_oklob_altar
Lair:5:   layout_regular_city, nicolae_slime_entry_slimehenge,
          serial_bayou_lagoon_b, uniq_sonja
Lair:6:   guppyfry_lair_end_dragon, layout_small_grid, wormcave,
          infiniplex_staircase_pool
Snake:1:  layout_honeycomb
Snake:2:  layout_layer_cave, uniq_kirke, uniq_nikola
Snake:3:  layout_grid_maze, serial_shops, shop_fountains, nicolae_shop_gadgets,
          grunt_megastairs_5
Snake:4:  snake_pit_salamanders_mu, layout_cave_town, minmay_shoptagon
Orc:1:    layout_diamond_mine, uniq_fannar
Orc:2:    st_orc_rangers, layout_caves, basic_altar, uniq_donald

Skill      XL: |  1  2  3  4  5  6  7  8  9 10 11 12 13 14 15 16 17 18 |
---------------+-------------------------------------------------------+-----
Dodging        | 3 4 5 6 10 12 14 15 | 15.0
Polearms       | 5 6 7 9 12 14 16 17 | 17.8
Fighting       | 4 5 6 8 10 11 12 | 12.8
Armour         | 2 3 4 5 6 8 9 11 12 13 | 13.1
Evocations     | 4 6 |  6.0
Short Blades   | 8 |  8.0
Throwing       | 4 9 12 13 | 13.9
Stealth        | 4 |  4.0

Action                   |  1- 3 |  4- 6 |  7- 9 | 10-12 | 13-15 | 16-18 || total
-------------------------+-------+-------+-------+-------+-------+-------++-------
Melee: Spear             |    85 |   106 |    60 |       |       |       ||   251
       Halberd           |       |       |   351 |   293 |       |       ||   644
       Tailslap          |       |       |     1 |       |    13 |       ||    14
       Pair of quick bla |       |       |       |   395 |  1458 |   978 ||  2831
Throw: Dart              |       |     4 |     6 |    17 |       |       ||    27
       Throwing net      |       |       |       |     1 |       |       ||     1
       Stone             |       |       |       |       |    47 |       ||    47
       Boomerang         |       |       |       |       |    38 |    46 ||    84
Invok: Berserk           |     2 |     4 |     6 |    10 |    10 |     9 ||    41
       Trog's Hand       |       |       |       |     3 |     3 |       ||     6
       Brothers in Arms  |       |       |       |     2 |     2 |     1 ||     5
Evoke: Wand              |       |       |       |     1 |       |       ||     1
       Lightning rod     |       |       |       |       |     4 |       ||     4
  Use: Scroll            |       |     2 |     8 |    12 |     8 |     3 ||    33
       Potion            |       |       |       |       |     1 |     1 ||     2
 Stab: Sleeping          |       |       |     2 |       |       |       ||     2
       Held in net/web   |       |       |       |     1 |       |       ||     1
Armor: Animal skin       |     4 |       |       |       |       |       ||     4
       Chain mail        |     6 |    40 |    21 |    83 |   196 |       ||   346
       Leather armour    |       |       |   143 |    40 |       |       ||   183
       Ring mail         |       |       |       |   112 |       |       ||   112
       Gold dragon scale |       |       |       |       |   299 |   272 ||   571
Dodge: Dodged            |    29 |    24 |   175 |   316 |   578 |   328 ||  1450

Table legend: (Time is in decaauts)
 A = Elapsed time spent in this place.
 B = Non-inter-level travel time spent in this place.
 C = Inter-level travel time spent in this place.
 D = Time resting spent in this place.
 E = Time spent auto-exploring this place.
 F = Levels seen in this place.
 G = Mean time per level.
                   A        B        C        D        E       F      G
               +--------+--------+--------+--------+--------+-----+--------+
         Total |  32378 |  29648 |   2730 |   4687 |  20285 |  26 | 1245.3 |
       Dungeon |  15645 |  14224 |   1421 |   1652 |  10079 |  13 | 1203.5 |
          Lair |   8047 |   7365 |    682 |    883 |   5584 |   6 | 1341.2 |
     Snake Pit |   6486 |   6023 |    463 |   1754 |   3462 |   4 | 1621.5 |
  Orcish Mines |   2097 |   1934 |    163 |    397 |   1142 |   2 | 1048.5 |
         Trove |    101 |    101 |      0 |      0 |     17 |   1 |  101.0 |
               +--------+--------+--------+--------+--------+-----+--------+

Top non-repeatable levels by time:
 Snake:2: 2580 daAuts
  Lair:6: 2577 daAuts
 Snake:3: 2300 daAuts
     D:9: 1872 daAuts
    D:13: 1476 daAuts
     D:7: 1457 daAuts
 Snake:1: 1428 daAuts
     D:5: 1259 daAuts
     D:8: 1238 daAuts
    D:10: 1219 daAuts
    D:12: 1217 daAuts
  Lair:1: 1211 daAuts
  Lair:3: 1201 daAuts
  Lair:5: 1162 daAuts
   Orc:1: 1159 daAuts
